 Dungeon Crawl Stone Soup version 0.31.0-11-ge490571c62 (webtiles) character file.

Game seed: 10532156594918172065

21 hikkokomori the Charlatan (level 3, -1/26 HPs)
             Began as a Formicid Wanderer on Feb 2, 2024.
             Slain by a gnoll
             ... wielding a +0 spear
              (8 damage)
             ... on level 1 of the Dungeon.
             The game lasted 00:02:39 (870 turns).

hikkokomori the Charlatan (Formicid Wanderer)        Turns: 870, Time: 00:02:40

Health: -1/26      AC:  3    Str: 15    XL:     3   Next: 2%
Magic:  6/6        EV: 11    Int: 14    God:
Gold:   21         SH:  0    Dex: 13    Spells: 5/6 levels left

rFire   . . .        a - +0 club
rCold   . . .        (no shield)
rNeg    . . .        d - +0 leather armour
rPois   .            (helmet unavailable)
rElec   .            (no cloak)
rCorr   .            (no gloves)
SInv    +            (no boots)
Will    .....        k - amulet of magic regeneration
Stlth   +            (no ring)
HPRegen 0.24/turn    (no ring)
MPRegen 0.50/turn

%: no passive effects
@: no status effects
A: permanent stasis, dig shafts and tunnels, antennae 3, four strong arms
a: Dig, Shaft Self


You were on level 1 of the Dungeon.
You visited 1 branch of the dungeon, and saw 1 of its levels.

You collected 21 gold pieces.

Inventory:

Hand Weapons
 a - a +0 club (weapon)
Missiles
 f - 2 throwing nets
 i - 3 poisoned darts
Armour
 d - a +0 leather armour (worn)
Jewellery
 k - an amulet of magic regeneration (around neck)
Wands
 e - a wand of paralysis (16)
Scrolls
 b - a scroll of fog
 c - a scroll of vulnerability
 g - a scroll of silence {unknown}
 h - a scroll of identify {unknown}
 l - a scroll of fear {unknown}
 m - a scroll of torment {unknown}
Potions
 j - a potion of brilliance {unknown}
 n - a potion of lignification {unknown}


   Skills:
 + Level 1.6 Fighting
 - Level 1.0 Dodging
 + Level 1.3 Stealth
 + Level 2.4 Spellcasting
 + Level 1.4 Summonings
 - Level 5.5 Evocations


You had 5 spell levels left.
You knew the following spells:

 Your Spells              Type           Power      Damage    Failure   Level
a - Summon Small Mammal   Summ           20%        N/A       16%         1

Your spell library contained the following spells:

 Spells                   Type           Power      Damage    Failure   Level
 Summon Ice Beast         Ice/Summ       3%         N/A       52%         3


Dungeon Overview and Level Annotations

Branches:
Dungeon (1/15)

Altars:


Innate Abilities, Weirdness & Mutations

You cannot be hasted, slowed, berserked, paralysed or teleported.
You can dig through walls and to a lower floor.
You have a pair of large antennae on your head. (SInv)
Your four strong arms can wield two-handed weapons with a shield.


Message History

There is an open door here.
You see here a beast talisman.
There is a stone staircase leading down here.
There is an open door here.
There is an open door here.
There is an open door here.
A gnoll comes into view. It is wielding a +0 spear.
A gnoll is nearby!
The gnoll shouts!
The gnoll hits you from afar with a +0 spear!
The gnoll hits you with a +0 spear.
You hit the gnoll.
The gnoll is moderately wounded.
The gnoll misses you. The gnoll barely misses you.
You barely miss the gnoll.
The gnoll is moderately wounded.
The gnoll hits you with a +0 spear!
You are too injured to fight recklessly!
You are too injured to fight recklessly!
You are too injured to fight recklessly!
You hit the gnoll.
The gnoll is heavily wounded.
The gnoll closely misses you.
Okay, then.
You barely miss the gnoll.
The gnoll is heavily wounded.
The gnoll misses you.
Unknown command.
You hit the gnoll but do no damage.
The gnoll is heavily wounded.
The gnoll barely misses you. x2
You hit the gnoll.
The gnoll is heavily wounded.
The gnoll hits you with a +0 spear.
* * * LOW HITPOINT WARNING * * *
Unknown command.
You hit the gnoll but do no damage.
The gnoll is heavily wounded.
The gnoll hits you with a +0 spear!
You die...

...# #.##.## ..##.##.#.#.......
#### #.#.## #####.##.#.#.#.#.....
#.#)# ##...##.#.#.#.#.#†....
#.#.# #.'##.#..##...#.#.#..#
#.#.# #.#<#.'.#.#...#....... ##
#.#.# #.###.#.#(#.#.######.#
.#####.#.# ## #.##.#.#.#.........
....#..#.## ####.##.#.########.#
.......##.## #.g@## ##.# #.......
...#.#÷.##.#######.##..# #.####.#
.........##.......##).## #.####+#
....##....##'######..#####.......
....###.............#.†..........
....# ##........#####.#####......
....# ###.....###....######....#
##### #.....###.####.......###
#......##.####.......###


You could see a gnoll.

Vanquished Creatures
  2 bats (D:1)
  2 endoplasms (D:1)
  A giant cockroach (D:1)
  3 goblins (D:1)
  A hobgoblin (D:1)
  A quokka (D:1)
  A ball python (D:1)
  2 frilled lizards (D:1)
13 creatures vanquished.

Vanquished Creatures (collateral kills)
  An endoplasm (D:1)
  A hobgoblin (D:1)
  A quokka (D:1)
  A ball python (D:1)
4 creatures vanquished.

Grand Total: 17 creatures vanquished

Notes
Turn   | Place    | Note
-------+----------+-------------------------------------------
     0 | D:1      | hikkokomori the Formicid Wanderer began the quest for the
                  | Orb.
     0 | D:1      | hikkokomori set off with the following items: a +0 club, a
                  | scroll of fog, a scroll of vulnerability, a +0 leather
                  | armour, a wand of paralysis (16); and the following spell
                  | memorised: Summon Small Mammal; and the following spells
                  | available to memorise: Summon Ice Beast.
     0 | D:1      | Reached XP level 1. HP: 15/15 MP: 3/3
   172 | D:1      | Reached XP level 2. HP: 21/21 MP: 5/5
   319 | D:1      | Found a faded altar of an unknown god.
   565 | D:1      | Reached skill level 1 in Stealth
   694 | D:1      | Reached XP level 3. HP: 26/26 MP: 6/6
   870 | D:1      | Slain by a gnoll

Illustrated notes

Levels and vault maps discovered:
D:1:      evilmike_arrival_rings, layout_basic, ebering_ecumenical_altar_hall

Skill      XL: |  1  2 |
---------------+-------+-----
Stealth        | 1 |  1.3
Fighting       | |  1.6
Dodging        | |  1.0
Spellcasting   | |  2.4
Summonings     | |  1.4
Evocations     | |  5.5

Action                     || total
---------------------------++-------
  Melee: Club              ||    76
         Punch             ||     1
   Cast: Summon Small Mamm ||    12
 Armour: Leather armour    ||    46
  Dodge: Dodged            ||    53
